 Seeded DCSS version 0.24.1-14-gf8d2b509d9 (webtiles) character file.

Game seed: 12398309004814789253, levelgen mode: deterministic

227763 sahdkjhfkaj the Severer (level 18, -16/172 HPs)
             Began as a Minotaur Berserker on Oct 7, 2020.
             Was the Champion of Trog.
             Demolished by a 16-headed hydra (18 damage)
             ... on level 5 of the Lair of Beasts.
             The game lasted 01:03:59 (41785 turns).

sahdkjhfkaj the Severer (Minotaur Berserker)       Turns: 41785, Time: 01:04:00

Health: -16/172    AC: 26    Str: 29    XL:     18   Next: 68%
Magic:  11/11      EV: 13    Int:  5    God:    Trog [******]
Gold:   2206       SH: 19    Dex: 10    Spells: 17/17 levels left

rFire    + . .     SeeInvis +   a - +7 broad axe (antimagic)
rCold    + + .     Gourm    .   y - +5 shield {rC+}
rNeg     . . .     Faith    .   K - +1 plate armour "Qosofoos" {MR+}
rPois    +         Spirit   .   N - +0 hat {MR+}
rElec    +         Reflect  +   s - scarf {rC+ rF+}
rCorr    .         Harm     .   O - +1 pair of gloves
MR       ++++.                  q - +3 pair of boots of the Echidna {rElec MR+ MP+9}
Stlth    ..........             b - +4 amulet of reflection
HPRegen  0.38/turn              C - ring of poison resistance
MPRegen  0.12/turn              t - ring of see invisible

@: berserk cooldown, very slightly contaminated, slowed, studying Shields, very
slow
A: retaliatory headbutt, horns 2
}: 1/15 runes: decaying
a: Berserk, Trog's Hand, Brothers in Arms, Renounce Religion


You were on level 5 of the Lair of Beasts.
You worshipped Trog.
Trog was exalted by your worship.
You were hungry.

You visited 5 branches of the dungeon, and saw 30 of its levels.
You also visited: Bailey and Gauntlet.

You collected 3193 gold pieces.
You spent 987 gold pieces at shops.

Inventory:

Hand Weapons
 a - a +7 antimagic broad axe (weapon)
Missiles
 d - 10 silver javelins (quivered)
Armour
 q - the +3 pair of boots of the Echidna (worn) {rElec MR+ MP+9}
   (You acquired it on level 1 of the Snake Pit)

   It insulates you from electricity.
   It affects your resistance to hostile enchantments.
   It affects your magic capacity (+9).
 s - a scarf of resistance (worn)
 y - a +5 shield of cold resistance (worn)
 K - the +1 plate armour "Qosofoos" (worn) {MR+}
   (You found it on level 10 of the Dungeon)

   It affects your resistance to hostile enchantments.
 N - a +0 hat of magic resistance (worn)
 O - a +1 pair of gloves (worn)
Jewellery
 b - a +4 amulet of reflection (around neck)
 t - a ring of see invisible (right hand)
 C - a ring of poison resistance (left hand)
 L - an uncursed ring of positive energy
Wands
 k - a wand of enslavement (12)
 w - a wand of iceblast (50)
 z - a wand of flame (11)
 A - a wand of paralysis (13)
 H - a wand of acid (9)
 S - a wand of clouds (2)
 V - a wand of disintegration (17)
Scrolls
 f - 3 scrolls of remove curse
 i - 4 scrolls of enchant armour
 j - 4 scrolls of teleportation
 l - 8 scrolls of enchant weapon
 o - 6 scrolls of immolation
 u - 5 scrolls of identify
 v - a scroll of brand weapon
 x - a scroll of summoning
 D - a scroll of fog
 P - a scroll of torment
 R - 3 scrolls of blinking
 W - a scroll of silence
 Y - a scroll of fear
 Z - 3 scrolls of magic mapping
Potions
 e - 13 potions of curing
 g - 5 potions of agility
 h - 4 potions of heal wounds
 m - a potion of lignification
 n - 7 potions of cancellation
 p - 9 potions of might
 r - 4 potions of haste
 E - 4 potions of berserk rage
 F - 4 potions of mutation
 M - 2 potions of ambrosia
 Q - 2 potions of resistance
 X - 2 potions of flight
Books
 T - a manual of Shields
Miscellaneous
 B - a lightning rod (4/4)
 G - 2 boxes of beasts
 I - a sack of spiders
 J - a fan of gales
 U - a phantom mirror
Comestibles
 c - 48 rations


   Skills:
 + Level 18.0 Fighting
   Level 8.0 Long Blades
 - Level 18.0 Axes
 + Level 17.8 Armour
 + Level 16.5 Dodging
 - Level 4.0 Shields
 + Level 10.3 Evocations


You had 17 spell levels left.
You didn't know any spells.
Your spell library was empty.

Dungeon Overview and Level Annotations

Branches:
Dungeon (15/15)            Temple (0/1) D:7            Lair (6/6) D:10
  Swamp (4/4) Lair:4        Snake (3/4) Lair:3        Slime (0/5) Lair:6
    Orc (2/2) D:11            Elf (0/3) Orc:2        Vaults (0/5) D:13
 Depths (0/5) D:15         Bailey (visited)         Gauntlet (visited)

Altars:
Cheibriados
Elyvilon
Gozag
Makhleb
Vehumet
Zin
The Shining One
Jiyva

Shops:
D:3 *   D:4 *   D:7 *   D:8 !   D:11 }*   D:15 =*?[   Orc:2 *%}(

Portals:
Pandemonium: Orc:2

Annotations:
Lair:5 Kaofid's ghost, journeyman GrEE
Snake:2 1 transporter
Snake:3 Roxanne


Innate Abilities, Weirdness & Mutations

You reflexively headbutt those who attack you in melee.
You have a pair of horns on your head.


Message History

Unknown command.
Unknown command.
Unknown command.
You feel a strong urge to attack something.
You are too berserk!
You feel your anger nearly subside.
You are no longer berserk.
You are exhausted.
You feel yourself slow down.
Blink to where?
Press: ? - help, Dir - move target cursor You are very lightly contaminated with residual magic.
As you read the scroll of blinking, it crumbles to dust.
You enter the transporter and appear at another place.
The 16-headed hydra bites you but does no damage.
The 16-headed hydra bites you.
* * * LOW HITPOINT WARNING * * *
You block the 16-headed hydra's attack. x2
The 16-headed hydra bites you but does no damage.
The 16-headed hydra barely misses you. The 16-headed hydra bites you!!
You die...

# #..#....)!??.#..##.....## #
#.##.##..[###....#......#
######.#....t#.....#.##...#..##
...#P..#..##..©.t#..©#...#....###
.......#......#YW##..#...#.#....#
.......##...#..t#....#.#..#.P.#.#
........#....#..W...##.#....P..#.
........#####..###.##...#.....###
##.÷........####@###...###...##
##............D.......#....#.#
##.....#...............#.(...##
.......................#.....###
#.....#................#.......##
...>..#...........(....#.#...P#.#
###...#..............#...########
#..###..........###..### ####
#.......#...#..##


You could see a 16-headed hydra (berserk).

Vanquished Creatures
  the Lernaean hydra (Swamp:4)
  Jorgrun (Snake:3)
  Gastronok (D:8)
  Kirke (Snake:1)
  2 thorn hunters
  The ghost of wjtupper the Warrior, an adept MiHu of Okawaru (Snake:2)
  An orc warlord (Bailey)
  An entropy weaver (Lair:2)
  A minotaur (Gauntlet)
  The ghost of cstieg1 the Arsonist, a journeyman DEFE of Nemelex Xobeh (Lair:2)
  21 hydras
  2 vault guards (D:13)
  2 catoblepae
  6 naga warriors
  10 alligators
  4 anacondas (Snake:3)
  A centaur warrior (D:14)
  An ogre mage (D:15)
  9 two-headed ogres
  2 death knights
  A deep troll shaman (Lair:6)
  6 orc high priests (Orc:2)
  2 shock serpents
  10 death yaks
  9 naga sharpshooters
  2 tengu warriors
  A soul eater (Gauntlet)
  Nergalle (Orc:1)
  2 sun demons (Orc:2)
  2 salamander mystics (Snake:1)
  3 spriggan druids
  3 unseen horrors
  2 infernal demonspawn (Orc:2)
  A sea snake (Snake:3)
  2 wizards (Gauntlet)
  20 swamp dragons
  A wolf spider zombie (D:15)
  2 lindwurms (Lair:6)
  2 naga ritualists
  A phantasmal warrior (D:15)
  A mana viper (Snake:1)
  3 deep elf magi
  6 orc knights
  7 orc sorcerers
  20 ugly things
  3 cyclopes
  A manticore (Lair:5)
  5 salamanders
  A centaur zombie (D:11)
  An elephant (shapeshifter) (D:14)
  14 elephants
  18 black mambas
  11 naga magi
  A rust devil (Orc:2)
  7 hornets
  A guardian serpent (Snake:3)
  A moth of wrath (Lair:5)
  2 gargoyles
  4 torpor snails
  13 spiny frogs
  6 rime drakes
  3 yaktaurs (D:15)
  An ice devil (Orc:2)
  14 komodo dragons
  The ghost of gamerdudes the Shield-Bearer, a novice GrFi of Trog (D:4)
  2 freezing wraiths
  3 kobold demonologists
  A queen bee (Lair:4)
  A tengu conjurer (D:15)
  A harpy zombie (D:15)
  3 meliai (Lair:4)
  3 polar bears
  7 trolls
  15 tyrant leeches
  Grinder (D:4)
  22 blink frogs
  20 slime creatures
  14 hippogriffs
  8 bog bodies
  11 dream sheep
  A meliai zombie (D:13)
  4 spriggans
  A vampire (D:13)
  3 shadows
  2 wraiths
  A ynoxinul (Orc:2)
  13 wyverns
  A chaos spawn (Orc:2)
  40 yaks
  Sigmund (D:3)
  8 hogs
  8 basilisks
  10 humans
  2 hungry ghosts
  10 vampire mosquitoes
  3 insubstantial wisps (Swamp:3)
  A warg (Orc:2)
  18 swamp worms
  2 soldier ants
  26 nagas
  5 porcupines
  16 water moccasins
  3 sky beasts
  32 orc warriors
  18 swamp drakes
  A necrophage (D:15)
  2 ice beasts
  A phantom (D:8)
  3 black bears
  14 ogres
  2 eyes of draining
  9 wolves (Lair:6)
  7 centaurs
  7 crocodiles
  3 big kobolds
  2 wyvern zombies
  20 bullfrogs
  A wyvern skeleton (D:13)
  5 scorpions
  34 killer bees
  4 electric eels
  7 crimson imps
  A bullfrog zombie (D:8)
  11 hounds
  A quasit (D:13)
  2 jellies
  25 orc wizards
  3 centaur skeletons
  24 orc priests
  Crazy Yiuf (D:4)
  4 bullfrog skeletons
  5 iguanas
  9 worker ants
  2 hound skeletons
  A howler monkey zombie (D:6)
  18 adders
  8 gnolls
  A howler monkey skeleton (D:4)
  11 shadow imps
  2 white imps (Gauntlet)
  An adder skeleton (D:6)
  2 adder zombies
  3 dart slugs
  2 leopard geckos
  74 orcs
  8 ball pythons
  8 giant cockroaches
  14 goblins
  14 hobgoblins
  6 jackals
  20 kobolds
  7 quokkas
  3 bats
  5 frilled lizards
  A jackal skeleton (D:4)
  2 leopard gecko zombies (D:5)
  3 rats
  8 fungi
  3 plants
1063 creatures vanquished.

Vanquished Creatures (collateral kills)
  4 oklob plants (Lair:2)
4 creatures vanquished.

Vanquished Creatures (others)
  Vashnia (Snake:3)
  A vault guard (D:13)
  A centaur warrior (D:14)
  2 naga sharpshooters (Snake:3)
  4 cyclopes
  Maurice (D:8)
  3 yaktaurs (D:15)
  A jumping spider (shapeshifter) (D:15)
  A human (Snake:1)
  An orc (Orc:2)
  8 kobolds (Bailey)
  13 fungi
  15 plants
52 creatures vanquished.

Grand Total: 1119 creatures vanquished

Notes
Turn   | Place    | Note
-------+----------+-------------------------------------------
     0 | D:1      | sahdkjhfkaj the Minotaur Berserker began the quest for the
                  | Orb.
     0 | D:1      | Reached XP level 1. HP: 19/19 MP: 0/0
   161 | D:1      | Reached XP level 2. HP: 21/27 MP: 1/1
   426 | D:1      | Reached XP level 3. HP: 33/33 MP: 2/2
   440 | D:1      | Reached ** piety under Trog
   667 | D:2      | Noticed a sky beast
   757 | D:1      | Killed a sky beast
   757 | D:1      | Reached skill level 5 in Axes
   757 | D:1      | Reached XP level 4. HP: 6/41 MP: 3/3
  1090 | D:2      | Reached XP level 5. HP: 47/47 MP: 4/4
  1471 | D:2      | Found an opulent altar of Gozag.
  1629 | D:3      | Found Zin's Purification Station.
  1630 | D:3      | Found a glowing silver altar of Zin.
  1638 | D:3      | Noticed Sigmund
  1650 | D:3      | Killed Sigmund
  1650 | D:3      | Reached XP level 6. HP: 40/55 MP: 5/5
  1871 | D:3      | Reached skill level 5 in Fighting
  2027 | D:3      | Found a glowing golden altar of the Shining One.
  2228 | D:4      | Found Oneghaaz's Assorted Antiques.
  2434 | D:4      | Reached XP level 7. HP: 58/61 MP: 6/6
  2519 | D:4      | Noticed Grinder
  2551 | D:4      | Killed Grinder
  2551 | D:4      | Reached skill level 5 in Armour
  2569 | D:4      | Found a runed translucent door.
  2570 | D:4      | Noticed Crazy Yiuf
  2642 | D:4      | Found a runed translucent door.
  2642 | D:4      | Noticed gamerdudes's ghost (novice GrFi)
  2987 | D:4      | Killed gamerdudes's ghost
  2987 | D:4      | Reached skill level 5 in Dodging
  2987 | D:4      | Reached XP level 8. HP: 70/70 MP: 7/7
  3408 | D:5      | Entered Level 5 of the Dungeon
  3455 | D:5      | Reached skill level 1 in Evocations
  3464 | D:5      | Reached *** piety under Trog
  3698 | D:5      | Found a white marble altar of Elyvilon.
  3841 | D:5      | Reached skill level 1 in Shields
  4811 | D:6      | Reached XP level 9. HP: 67/75 MP: 8/11
  4829 | D:6      | Reached skill level 5 in Evocations
  5432 | D:7      | Found a staircase to the Ecumenical Temple.
  5552 | D:7      | You fall into a shaft and drop 1 floor!
  5556 | D:8      | Found Gyur's Distillery.
  5557 | D:8      | Noticed a two-headed ogre
  5781 | D:8      | Noticed Maurice
  5802 | D:8      | Your ally died
  5807 | D:8      | Killed a hornet
  6193 | D:7      | Found a burning altar of Makhleb.
  6193 | D:7      | Found a radiant altar of Vehumet.
  6266 | D:7      | Found Gunimm's Lightly-Used Armoury.
  6758 | D:7      | Killed a two-headed ogre
  6758 | D:7      | Reached skill level 10 in Axes
  7127 | D:8      | Reached **** piety under Trog
  7206 | D:8      | Reached XP level 10. HP: 88/88 MP: 12/12
  7407 | D:8      | Noticed Gastronok
  8597 | D:8      | Killed Gastronok
  9164 | D:9      | Reached XP level 11. HP: 65/97 MP: 10/13
 10025 | D:10     | Entered Level 10 of the Dungeon
 10192 | D:10     | Reached ***** piety under Trog
 10443 | D:10     | Noticed a two-headed ogre
 10445 | D:10     | Found a staircase to the Lair.
 10455 | D:10     | Killed a two-headed ogre
 10715 | D:10     | Got a bloodstained plate armour
 10726 | D:10     | Identified the cursed +1 plate armour "Qosofoos" {MR+} (You
                  | found it on level 10 of the Dungeon)
 10822 | D:10     | Reached skill level 10 in Fighting
 10934 | D:10     | Noticed a two-headed ogre
 10950 | D:10     | Killed a two-headed ogre
 11316 | Lair:1   | Entered Level 1 of the Lair of Beasts
 12037 | Lair:2   | Reached skill level 10 in Armour
 12152 | Lair:2   | Noticed an oklob plant
 12152 | Lair:2   | Noticed an oklob plant
 12177 | Lair:2   | Noticed a seven-headed hydra
 12229 | Lair:2   | Noticed an entropy weaver
 12229 | Lair:2   | a seven-headed hydra changed into an entropy weaver
 12246 | Lair:2   | Killed an entropy weaver
 12256 | Lair:2   | Reached XP level 12. HP: 69/107 MP: 10/14
 12259 | Lair:2   | Noticed cstieg1's ghost (journeyman DEFE)
 12695 | Lair:2   | Found a transporter.
 12708 | Lair:2   | Found a transporter.
 13873 | Lair:2   | Killed cstieg1's ghost
 14165 | Lair:3   | Reached skill level 10 in Dodging
 14372 | D:4      | Bought a polished scimitar for 207 gold pieces
 14372 | D:4      | Identified the +8 scimitar of the Briny Deep {slice, Int+4
                  | Dex+6} (You bought it in a shop on level 4 of the Dungeon)
 14670 | Lair:3   | Found a staircase to the Snake Pit.
 14672 | Lair:3   | Identified a scroll of acquirement
 14680 | Lair:3   | Reached skill level 1 in Long Blades
 15029 | Lair:3   | Noticed a seven-headed hydra
 15041 | Lair:3   | Killed a 12-headed hydra
 15215 | Lair:3   | Found a snail-covered altar of Cheibriados.
 15654 | Lair:3   | Noticed a four-headed hydra
 15689 | Lair:3   | Killed a nine-headed hydra
 15931 | Lair:3   | Reached skill level 5 in Long Blades
 16240 | Lair:4   | Noticed a death yak
 16241 | Lair:4   | Noticed a catoblepas
 16244 | Lair:4   | Reached XP level 13. HP: 117/117 MP: 15/15
 16489 | Lair:4   | Received a gift from Trog
 17651 | Lair:4   | Found a staircase to the Swamp.
 18530 | Lair:5   | Found a gate leading to a gauntlet.
 18535 | Gauntlet | Entered a Gauntlet
 18535 | Gauntlet | Found a transporter.
 18535 | Gauntlet | Found a transporter.
 18535 | Gauntlet | Found a transporter.
 18536 | Gauntlet | Found a transporter.
 18540 | Gauntlet | Found a transporter.
 18547 | Gauntlet | Found a transporter.
 18548 | Gauntlet | Found a transporter.
 18549 | Gauntlet | Found a transporter.
 18551 | Gauntlet | Found a transporter.
 18559 | Gauntlet | Found a transporter.
 18559 | Gauntlet | Found a transporter.
 18642 | Gauntlet | Found a transporter.
 18920 | Gauntlet | Noticed a minotaur
 18929 | Gauntlet | Killed a minotaur
 19201 | Lair:5   | Received a gift from Trog
 19690 | Lair:5   | Found a transporter.
 19915 | Lair:5   | Found a transporter.
 19944 | Lair:5   | Reached XP level 14. HP: 113/127 MP: 5/17
 19981 | Lair:5   | Noticed Kaofid's ghost (journeyman GrEE)
 20234 | Lair:5   | Reached skill level 15 in Axes
 20399 | Lair:6   | Entered Level 6 of the Lair of Beasts
 20889 | Lair:6   | Received a gift from Trog
 21164 | Lair:6   | Found a viscous altar of Jiyva.
 21164 | Lair:6   | Found a staircase to the Slime Pits.
 22279 | D:11     | Found Neusan's Gadget Shop.
 22315 | D:11     | Found a flagged portal.
 22320 | Bailey   | Entered a bailey
 22325 | Bailey   | Noticed an orc warlord
 22484 | Bailey   | Found a runed translucent gate.
 22486 | Bailey   | Found a runed translucent gate.
 22488 | Bailey   | Found a runed translucent gate.
 22663 | Bailey   | Killed an orc warlord
 22801 | Bailey   | Got a transparent buckler
 22812 | Bailey   | Identified the +4 buckler of the Learner {Regen+ Slay+2}
                  | (You found it in a bailey)
 22874 | D:11     | Bought a phantom mirror for 510 gold pieces
 23065 | D:11     | Found a staircase to the Orcish Mines.
 23350 | D:11     | Found Caar's Serpentskin Sales.
 23366 | D:11     | Reached XP level 15. HP: 138/138 MP: 6/20
 23405 | D:11     | Reached ****** piety under Trog
 23670 | D:12     | Received a gift from Trog
 24151 | D:12     | Reached XP level 16. HP: 146/146 MP: 7/21
 25058 | D:13     | Received a gift from Trog
 25136 | D:13     | Found a burning altar of Makhleb.
 25796 | D:13     | Found a gate to the Vaults.
 26803 | D:15     | Entered Level 15 of the Dungeon
 26803 | D:15     | Found Hydixaul's Magic Scroll Emporium.
 27087 | Orc:1    | Entered Level 1 of the Orcish Mines
 27106 | Orc:1    | Received a gift from Trog
 27126 | Orc:1    | Noticed Nergalle
 27145 | Orc:1    | Killed Nergalle
 27395 | Orc:2    | Entered Level 2 of the Orcish Mines
 27589 | Orc:2    | Found Pesecv Ucueb's Food Shoppe.
 27603 | Orc:2    | Found Ful Wihe's General Store.
 27827 | Orc:2    | Found a staircase to the Elven Halls.
 28811 | Orc:2    | Received a gift from Trog
 28829 | Orc:2    | Found Ukhlydo's Antique Weapon Boutique.
 28829 | Orc:2    | Found Animes's Gadget Shop.
 28832 | Orc:2    | Found a one-way gate leading to the halls of Pandemonium.
 29029 | Orc:1    | Reached skill level 15 in Fighting
 29828 | D:15     | Found Olon's Antique Armour Emporium.
 29848 | D:15     | Reached skill level 15 in Armour
 30170 | D:15     | Found Monyxzi's Assorted Antiques.
 30300 | D:15     | Found Ludujy's Jewellery Shoppe.
 30348 | D:15     | Reached XP level 17. HP: 100/156 MP: 7/23
 30367 | D:15     | Found a staircase to the Depths.
 30594 | D:15     | Bought an uncursed ring of see invisible for 270 gold
                  | pieces
 30861 | Swamp:1  | Entered Level 1 of the Swamp
 31375 | Swamp:1  | Reached skill level 10 in Evocations
 31377 | Swamp:1  | Received a gift from Trog
 33730 | Swamp:3  | Received a gift from Trog
 33882 | Swamp:3  | Identified the +2 robe of the Wasteland {+Blink}
 34996 | Swamp:4  | Entered Level 4 of the Swamp
 35027 | Swamp:4  | Reached skill level 15 in Dodging
 35724 | Swamp:4  | Noticed the 27-headed Lernaean hydra
 35734 | Swamp:4  | Killed the 27-headed Lernaean hydra
 36693 | Swamp:4  | Reached XP level 18. HP: 158/169 MP: 8/24
 36947 | Swamp:4  | Got a decaying rune of Zot
 37432 | Snake:1  | Entered Level 1 of the Snake Pit
 37747 | Snake:1  | Received a gift from Trog
 37911 | Snake:1  | Noticed Kirke
 37929 | Snake:1  | Killed Kirke
 38969 | Snake:1  | Got a pair of polished boots
 38980 | Snake:1  | Identified the +3 pair of boots of the Echidna {rElec MR+
                  | MP+9} (You acquired it on level 1 of the Snake Pit)
 39324 | Snake:2  | Found a runed translucent gate.
 39325 | Snake:2  | Found a runed translucent gate.
 39325 | Snake:2  | Found a runed translucent gate.
 39327 | Snake:2  | Noticed wjtupper's ghost (adept MiHu)
 39374 | Snake:2  | Killed wjtupper's ghost
 40048 | Snake:2  | Found a transporter.
 40326 | Snake:3  | Received a gift from Trog
 40508 | Snake:3  | Noticed Vashnia
 40515 | Snake:3  | Noticed Jorgrun
 40535 | Snake:3  | Killed Jorgrun
 40561 | Snake:3  | Killed Vashnia
 41051 | Snake:3  | Noticed Roxanne
 41393 | D:4      | Killed Crazy Yiuf
 41779 | Lair:5   | HP: 9/258 [16-headed hydra (10)]
 41779 | Lair:5   | HP: 2/258 [death yak (7)]
 41785 | Lair:5   | HP: 2/172 [16-headed hydra (2)]
 41785 | Lair:5   | Demolished by a 16-headed hydra

Levels and vault maps discovered:
D:1:      minmay_arrival_loop, layout_rooms
D:2:      layout_rooms, grunt_gozag_statues, first_ration, hangedman_glass_teeth
D:3:      layout_rooms, zin_purify, lemuel_doored_altar, uniq_sigmund
D:4:      layout_basic, serial_shops, nicolae_shop_waterfront,
          ebering_ghost_reflecting_pool, uniq_grinder, uniq_crazy_yiuf_cottage
D:5:      layout_basic, elyvilon_altar_5
D:6:      layout_gridville
D:7:      layout_loops_ring, grunt_temple_overflow_lords_of_destruction,
          minmay_temple_entry_junction, minmay_shop_damaged
D:8:      layout_cave_pods, serial_shops, nicolae_shop_stone, grunt_livestock,
          uniq_gastronok, uniq_maurice
D:9:      layout_loops_ring, minmay_misc_feat_roman
D:10:     layout_long_grid, david_lair_shrubbed
D:11:     layout_cave_pools, orc_0_dummy, serial_shops, shop, enter_bailey_3,
          guppyfry_shop_venom
D:12:     layout_small_grid
D:13:     layout_irregular_city, ximxim_vaults_locker_room, serial_rivers,
          chequers_serial_rivers_micro_a, chequers_serial_rivers_room_b,
          chequers_serial_rivers_micro_c, chequers_serial_rivers_micro_e,
          basic_altar
D:14:     layout_irregular_city, infiniplex_staircase_zigzag_3, drop_trap
D:15:     grunt_enter_depths_magical_seal, layout_cave_pools, serial_shops,
          nicolae_shop_waterfront, shop, shop, shop, eino_curves_03
Lair:1:   layout_loops_ring, serial_bayou_pond_c, beast_lair_carwin_2
Lair:2:   layout_chaotic_city, gammafunk_ghost_arena, beast_lair_carwin_9,
          grunt_megastairs_3, minmay_lair_oklob_chamber
Lair:3:   layout_gridlike, minmay_snake_entry_six_corridors,
          kennysheep_snail_temple
Lair:4:   layout_roguey [special_room_bee], nicolae_swamp_entry_splash_gauntlet,
          minivault_26, chequers_serial_rivers_small_a, nicolae_lair_yak_garden
Lair:5:   layout_layer_cave, gammafunk_ghost_berserking_beasts, special_room
          [special_room_mythical_zoo], gauntlet_entry_generic
Lair:6:   grunt_lair_end_beastmaster, layout_misc_corridors,
          dpeg_slime_entry_enclosed_altar, st_stairs_13, grunt_megastairs_1,
          infiniplex_staircase_pool_2
Swamp:1:  layout_basic_swamp, evilmike_swamp_ruin_house_1, swamp_pool4
Swamp:2:  layout_basic_swamp, infiniplex_staircase_pool
Swamp:3:  layout_falls_marsh, evilmike_swamp_ruin_rubble_1, swamp_pool5,
          st_swamp_ruins_2
Swamp:4:  swamp_old_school, layout_basic_swamp, swamp_pool5
Snake:1:  layout_misc_corridors, st_stairs_10, uniq_kirke
Snake:2:  gammafunk_the_bubble [the_bubble_gammafunk_crates],
          layout_onion_interference, ebering_ghost_rock_garden
Snake:3:  layout_cave_shapes, grunt_ministairs_9, lemuel_fruit_tree,
          serial_bayou_shore_a, uniq_jorgrun, uniq_vashnia, uniq_roxanne
Orc:1:    layout_caves, uniq_nergalle
Orc:2:    pf_orc_diabolical, layout_diamond_mine

Skill      XL: |  1  2  3  4  5  6  7  8  9 10 11 12 13 14 15 16 17 18 |
---------------+-------------------------------------------------------+-----
Axes           | 4 5 6 8 10 12 13 14 16 18 | 18.0
Fighting       | 4 5 6 7 9 10 11 12 14 15 17 18 | 18.0
Armour         | 3 4 5 7 8 10 11 12 13 15 16 17 | 17.8
Dodging        | 3 4 5 6 7 9 10 11 12 14 15 16 | 16.5
Evocations     | 4 5 6 8 9 10 | 10.3
Shields        | 4 |  4.0
Long Blades    | 5 8 |  8.0

Action                   |  1- 3 |  4- 6 |  7- 9 | 10-12 | 13-15 | 16-18 || total
-------------------------+-------+-------+-------+-------+-------+-------++-------
Melee: Hand axe          |    61 |    91 |   349 |   606 |       |       ||  1107
       Headbutt          |     7 |    19 |    75 |   196 |   207 |   367 ||   871
       Scimitar          |       |       |       |   121 |   240 |       ||   361
       Broad axe         |       |       |       |       |   533 |  1632 ||  2165
Invok: Berserk           |     1 |       |     4 |     4 |     4 |    13 ||    26
       Trog's Hand       |       |     1 |     1 |       |     3 |     7 ||    12
       Brothers in Arms  |       |       |       |     2 |       |       ||     2
Evoke: Wand              |       |       |     1 |    10 |     1 |     6 ||    18
       Lightning rod     |       |       |       |       |       |     4 ||     4
  Use: Scroll            |       |     1 |    10 |    11 |    15 |    26 ||    63
       Potion            |       |       |       |       |     2 |       ||     2
 Stab: Paralysed         |       |       |       |    10 |     5 |    12 ||    27
       Petrified         |       |       |       |       |    11 |       ||    11
  Eat: Chunk             |       |     5 |    13 |    17 |    19 |    31 ||    85
       Ration            |       |       |     2 |     6 |     4 |    12 ||    24
Armor: Animal skin       |     8 |       |       |       |       |       ||     8
       Chain mail        |    28 |    43 |   157 |   114 |       |       ||   342
       Plate armour      |       |       |       |   225 |   223 |   731 ||  1179
Dodge: Dodged            |    31 |    53 |   153 |   268 |   234 |   476 ||  1215
Block: Buckler           |       |       |    38 |    86 |       |       ||   124
       Shield            |       |       |       |   221 |   751 |  1552 ||  2524
       Reflection        |       |       |       |       |    68 |   139 ||   207
       Rpst.: Scimitar   |       |       |       |    13 |    31 |       ||    44
